 Dungeon Crawl Stone Soup version 0.30-a0-313-gae38170b09 (webtiles) character file.

Game seed: 4616561154921641078

123 koil the Shooter (level 4, -12/34 HPs)
             Began as a Spriggan Hunter on Oct 26, 2022.
             Killed from afar by Ijyb (16 damage)
             ... with a bolt of light
             ... on level 4 of the Dungeon.
             The game lasted 00:04:58 (2068 turns).

koil the Shooter (Spriggan Hunter)                  Turns: 2068, Time: 00:04:58

Health: -12/34     AC: 26    Str:  7    XL:     4   Next: 79%
Magic:  8/8        EV:  4    Int: 16    God:
Gold:   133        SH:  0    Dex: 20    Spells: 7/7 levels left

rFire   . . .      SeeInvis +    b - +0 dagger (vamp)
rCold   . . .      Faith    .    (no shield)
rNeg    . . .      Spirit   .    (body armour currently unavailable)
rPois   +          Reflect  .    (helmet currently unavailable)
rElec   .          Harm     .    (cloak currently unavailable)
rCorr   .          Rampage  .    (gloves unavailable)
Will    .....      NoTele   +    (boots unavailable)
Stlth   +++.......               (no amulet)
HPRegen 0.25/turn                j - +6 ring of intelligence
MPRegen 0.11/turn                k - +4 ring of protection

@: tree-form
A: stationary, stasis, torment immunity, boosted hp, very small, no large
weapons, unfitting armour, see invisible, (speed 3)
a: no special abilities


You were on level 4 of the Dungeon.
You were a tree.
You visited 1 branch of the dungeon, and saw 4 of its levels.

You collected 133 gold pieces.

Inventory:

Hand Weapons
 a - a +0 shortbow
 b - a +0 vampiric dagger (weapon)
 s - a +1 flail of venom
Armour
 c - a +0 robe
 q - the +4 robe of Lifelessness (melded) {rCorr Stlth+}
   (You found it on level 3 of the Dungeon)

   rCorr:     It protects you from acid and corrosion.
   Stlth:     It makes you more stealthy.
Jewellery
 j - a +6 ring of intelligence (left branch)
 k - a +4 ring of protection (right branch)
Scrolls
 e - 3 scrolls of vulnerability {unknown}
 f - 2 scrolls of blinking {unknown}
 g - 3 scrolls of teleportation {unknown}
 i - 2 scrolls of butterflies {unknown}
 l - 7 scrolls of identify {unknown}
 n - 2 scrolls of immolation
 o - 3 scrolls of noise {unknown}
 p - a scroll of enchant armour {unknown}
 r - a scroll of summoning {unknown}
Potions
 h - a potion of heal wounds {unknown}
 m - 2 potions of haste {unknown}


   Skills:
 + Level 2.2 Fighting
 + Level 4.4 Ranged Weapons
 + Level 3.9 Dodging
 + Level 3.5 Stealth
 + Level 2.2 Spellcasting


You had 7 spell levels left.
You didn't know any spells.
Your spell library contained the following spells:

 Spells                   Type           Power      Damage    Failure   Level
 Apportation              Tloc           2%         N/A       21%         1
 Necrotise                Necr           4%         1d4       21%         1
 Summon Small Mammal      Summ           4%         N/A       21%         1
 Ozocubu's Armour         Ice            1%         N/A       52%         3
 Ozocubu's Refrigeration  Ice            0%         4d7       100%        7


Dungeon Overview and Level Annotations

Branches:
Dungeon (4/15)
 Temple: D:4-7

Altars:

Annotations:
D:4 Ijyb


Innate Abilities, Weirdness & Mutations

You are a tree.
Your roots penetrate the ground, keeping you stationary.
You cannot be teleported.
You are immune to unholy pain and torment.
Your maximum health is greatly increased.
Your equipment is partially melded.
You are very small and have problems with some larger weapons.
You are too small for most types of armour.
You have supernaturally acute eyesight. (SInv)
((You cover ground extremely quickly. (Speed+++)))


Message History

You are too injured to fight recklessly!
Non-targeted confused fire: a) +0 shortbow
Press: ? - help, Q - select action Dir - look around, f - activate Look: Ijyb, wielding a +0 club, wearing a +3 leather armour of willpower and carrying a wand of light (7) (severely wounded)
Okay, then.
Unknown command.
Unknown command.
Unknown command.
Unknown command.
Unknown command.
Unknown command.
You feel a sense of dread.
b - a +0 vampiric dagger (weapon)
Ijyb barely misses you.
You cannot move. (Use ctrl+direction or * direction to attack while stationary and confused.)
You cannot move. (Use ctrl+direction or * direction to attack while stationary and confused.)
You cannot move. (Use ctrl+direction or * direction to attack while stationary and confused.)
You cannot move. (Use ctrl+direction or * direction to attack while stationary and confused.)
You hit Ijyb.
You feel better.
Ijyb is severely wounded.
Ijyb zaps a wand.
The bolt of light hits you!
You are more confused.
* * * LOW HITPOINT WARNING * * *
You hit Ijyb but do no damage.
Ijyb is severely wounded.
Ijyb hits you but does no damage.
You hit Ijyb but do no damage.
Ijyb is severely wounded.
Ijyb hits you but does no damage.
You nearly hit yourself!
You feel less confused.
Ijyb zaps a wand.
The bolt of light misses you.
You closely miss Ijyb.
Ijyb is severely wounded.
Ijyb hits you with a +0 club.
* * * LOW HITPOINT WARNING * * *
You hit Ijyb.
Ijyb is severely wounded.
Ijyb zaps a wand.
The bolt of light hits you!
You die...

.. ########### #.##
..........###..######
............##......####
......g♣..#.............
######.######...........
#. #.......>... ##
##....†..... #..........
#.......... #)†........
#...(...... ............


You could see Ijyb.

Vanquished Creatures
  A hound (D:4)
  3 gnolls (D:3)
  An adder (D:2)
  3 worms
  2 bats (D:3)
  7 endoplasms
  3 giant cockroaches
  6 goblins
  3 jackals (D:2)
  2 quokkas (D:1)
  4 ball pythons
  4 frilled lizards
  5 kobolds
  3 rats
47 creatures vanquished.

Notes
Turn   | Place    | Note
-------+----------+-------------------------------------------
     0 | D:1      | koil the Spriggan Hunter began the quest for the Orb.
     0 | D:1      | Reached XP level 1. HP: 10/10 MP: 2/2
   412 | D:1      | Reached XP level 2. HP: 15/15 MP: 3/3
   551 | D:1      | Found a faded altar of an unknown god.
   891 | D:2      | Reached skill level 1 in Spellcasting
  1091 | D:2      | Reached XP level 3. HP: 18/18 MP: 5/5
  1600 | D:3      | Identified the +4 robe of Lifelessness {rCorr Stlth+}
  1929 | D:3      | Reached XP level 4. HP: 23/23 MP: 7/7
  2053 | D:4      | Noticed Ijyb
  2068 | D:4      | Killed from afar by Ijyb

Illustrated notes

Levels and vault maps discovered:
D:1:      nicolae_arrival_memento_mori, layout_basic,
          nicolae_ecumenical_lake_church, nrook_uturn, grunt_decor_arrowhead
D:2:      wander_river, layout_loops_ring
D:3:      layout_basic
D:4:      layout_rooms, minmay_temple_entry_offerings, minmay_misc_feat_plants,
          uniq_crazy_yiuf_cottage, uniq_ijyb

Skill      XL: |  1  2  3  4 |
---------------+-------------+-----
Stealth        | 2 3 |  3.5
Dodging        | 3 |  3.9
Spellcasting   | 1 2 |  2.2
Fighting       | 2 |  2.2
Ranged Weapons | |  4.4

Action                   |  1- 3 |  4- 6 || total
-------------------------+-------+-------++-------
Melee: Dagger            |       |     5 ||     5
 Fire: Shortbow          |   107 |    36 ||   143
  Use: Potion            |       |     1 ||     1
Armor: Robe              |     8 |     4 ||    12
       Skin              |       |     3 ||     3
Dodge: Dodged            |    37 |    27 ||    64

Table legend: (Time is in decaauts)
 A = Elapsed time spent in this place.
 B = Non-inter-level travel time spent in this place.
 C = Inter-level travel time spent in this place.
 D = Time resting spent in this place.
 E = Time spent auto-exploring this place.
 F = Levels seen in this place.
 G = Mean time per level.
                   A        B        C        D        E       F      G
               +--------+--------+--------+--------+--------+-----+--------+
         Total |   1413 |   1369 |     44 |      0 |   1083 |   4 |  353.2 |
       Dungeon |   1413 |   1369 |     44 |      0 |   1083 |   4 |  353.2 |
               +--------+--------+--------+--------+--------+-----+--------+

Top non-repeatable levels by time:
     D:1: 536 daAuts
     D:2: 482 daAuts
     D:3: 316 daAuts
     D:4: 77 daAuts
